 Dungeon Crawl Stone Soup version 0.22.0-38-g04b72b8 (webtiles) character file.

875 torrenera the Cleaver (level 8, -13/60 HPs)
             Began as a Formicid Abyssal Knight on Aug 28, 2018.
             Was a Believer of Lugonu.
             Mangled by an orc warrior
             ... wielding a +2 short sword of electrocution
              (19 damage)
             ... on level 6 of the Dungeon.
             The game lasted 00:13:04 (6874 turns).

torrenera the Cleaver (Formicid Abyssal Knight)     Turns: 6874, Time: 00:13:05

Health: -13/60     AC: 12    Str: 18    XL:     8   Next: 24%
Magic:  9/9        EV:  5    Int: 13    God:    Lugonu [**....]
Gold:   53         SH:  0    Dex:  4    Spells: 7/7 levels left

rFire    + + .     SeeInvis +   B - +3 mace of Honour {vamp, *Rage rPois rF++ Dex-3} (curse)
rCold    . . .     Gourm    +   (no shield)
rNeg     . . .     Faith    .   y - +0 plate armour
rPois    +         Spirit   .   (helmet unavailable)
rElec    .         Reflect  .   C - +0 cloak {MR+}
rCorr    .         Harm     .   (no gloves)
MR       +....                  (no boots)
Stlth    ..........             v - amulet of the gourmand
HPRegen  0.20/turn              j - ring of stealth
MPRegen  0.11/turn              i - ring "Ziycenk" {*Tele rPois Dex-3 SInv Stlth+}

@: no status effects
A: permanent stasis, dig shafts and tunnels, four strong arms, antennae 3
a: Dig, Shaft Self, Depart the Abyss, Bend Space, Renounce Religion


You were on level 6 of the Dungeon.
You worshipped Lugonu.
Lugonu was pleased with you.
You were completely stuffed.

You visited 2 branches of the dungeon, and saw 7 of its levels.
You visited the Abyss 1 time.

You collected 285 gold pieces.
You spent 232 gold pieces at shops.

Inventory:

Hand Weapons
 a - a +1 hand axe
 q - a +2 short sword of freezing
 B - the cursed +3 mace of Honour (weapon) {vamp, *Rage rPois rF++ Dex-3}
   (You found it on level 4 of the Dungeon)

   It inflicts no extra harm, but heals its wielder when it wounds a living foe.
   It affects your dexterity (-3).
   It greatly protects you from fire.
   It protects you from poison.
   It may make you go berserk in combat.
   It has a curse placed upon it.
 D - a +0 shortbow
Missiles
 e - 118 stones
 o - 8 tomahawks (quivered)
 x - 5 poisoned needles
 A - 6 javelins
 E - 19 arrows
Armour
 f - a +1 ring mail of magic resistance
 y - a +0 plate armour (worn)
 C - a +0 cloak of magic resistance (worn)
Jewellery
 i - the ring "Ziycenk" (right hand) {*Tele rPois Dex-3 SInv Stlth+}
   (You bought it in a shop on level 5 of the Dungeon)

   [ring of teleportation]

   It may teleport you next to monsters.
   It affects your dexterity (-3).
   It protects you from poison.
   It lets you see invisible.
   It makes you more stealthy.
 j - a ring of stealth (left hand)
 v - an amulet of the gourmand (around neck)
Wands
 b - a wand of polymorph (4)
 r - a wand of random effects (5)
 z - a wand of iceblast (20)
Scrolls
 d - a scroll of fear {unknown}
 k - a scroll of identify
 m - 2 scrolls of remove curse
 n - 2 scrolls of random uselessness {unknown}
 p - a scroll of enchant weapon {unknown}
 u - 2 scrolls of amnesia {unknown}
 F - a scroll of acquirement {unknown}
Potions
 g - a potion of magic
 l - a potion of mutation
 s - 2 potions of curing
 t - a potion of flight
 w - 2 potions of lignification
Comestibles
 c - 15 rations
 h - a chunk of flesh


   Skills:
 * Level 4.2 Fighting
 + Level 8.7 Axes
 - Level 2.1 Armour
 - Level 0.8 Dodging
 - Level 2.1 Invocations


You had 7 spell levels left.
You didn't know any spells.
Your spell library was empty.

Dungeon Overview and Level Annotations

Branches:
Dungeon (6/15)             Temple (1/1) D:4

Altars:
Ashenzari
Cheibriados
Fedhas
Gozag
Hepliaklqana
Kikubaaqudgha
Nemelex Xobeh
Okawaru
Ru
Sif Muna
Uskayaw
Vehumet
Wu Jian
Xom

Shops:
D:2 *   D:5 =

Annotations:
D:4 Edmund
D:5 3 runed doors, Marcoleric's ghost, novice DDFi


Innate Abilities, Weirdness & Mutations

You cannot be hasted, slowed, berserked, paralysed or teleported.
You can dig through walls and to a lower floor.
Your four strong arms can wield two-handed weapons with a shield.
You have a pair of large antennae on your head. (SInv)


Message History

The orc warrior is moderately wounded.
The orc warrior hits you with a short sword of electrocution!
You are electrocuted!
You hit the orc warrior but do no damage.
The orc warrior is moderately wounded.
The orc warrior hits you with a short sword of electrocution.
You closely miss the orc warrior.
The orc warrior is moderately wounded.
The orc warrior hits you but does no damage.
You are electrocuted!
* * * LOW HITPOINT WARNING * * *
You hit the orc warrior but do no damage.
The orc warrior is moderately wounded.
The orc warrior hits you with a short sword of electrocution.
* * * LOW HITPOINT WARNING * * *
You sock the orc warrior!
The orc warrior is severely wounded.
The orc warrior hits you but does no damage.
You are electrocuted!
You die...

{#... #.# {... #.# #.#
#.##### #.# #.#.... {
#.# #.#.### {#.# #.#.#
#.# #.#.#
###########o########.#.#
#........@oo......##.#.#
#.#########.#####.##.#.#
#.# .....#.# #.##.#.#
#.# #......# #[...#.#
#.#. #.##.### ######.#
#^#.##.##.# #.###
#.#....##.# #.#.. #.#
#.....############.#..
..#
#)#................#..


You could see an orc warrior, an orc wizard and an orc.

Vanquished Creatures
  2 ogres (D:4)
  A centaur (D:6)
  A bullfrog (D:6)
  2 scorpions
  A howler monkey (D:5)
  A hound (D:4)
  Crazy Yiuf (D:4)
  An orc priest (D:4)
  2 orc wizards (D:3)
  An iguana (D:4)
  3 worker ants
  A hound skeleton (D:6)
  7 adders
  4 gnolls (D:6)
  2 worms (D:4)
  4 dart slugs
  4 leopard geckos
  9 orcs
  3 bats
  2 giant cockroaches
  3 goblins
  2 hobgoblins (D:1)
  8 jackals
  3 frilled lizards
  A giant cockroach zombie (D:3)
  4 kobolds
  4 rats (D:1)
77 creatures vanquished.

Notes
Turn   | Place    | Note
-------+----------+-------------------------------------------
     0 | Abyss:1  | torrenera the Formicid Abyssal Knight began the quest for the Orb.
     0 | Abyss:1  | Reached XP level 1. HP: 18/18 MP: 2/2
     9 | D:1      | Escaped the Abyss
    33 | D:1      | Reached XP level 2. HP: 13/24 MP: 3/3
   200 | D:1      | Reached skill level 3 in Axes
   630 | D:1      | Reached XP level 3. HP: 28/29 MP: 4/4
  1578 | D:2      | Reached ** piety under Lugonu
  1677 | D:2      | Found Gozag's Platinum Reserve.
  1713 | D:2      | Found an opulent altar of Gozag.
  1800 | D:3      | Found a sacrificial altar of Ru.
  1807 | D:3      | Reached skill level 4 in Axes
  1807 | D:3      | Reached XP level 4. HP: 29/35 MP: 5/5
  2053 | D:3      | Found an ancient bone altar of Kikubaaqudgha.
  2406 | D:4      | Noticed Edmund
  2771 | D:3      | Reached XP level 5. HP: 11/41 MP: 6/6
  3031 | D:4      | Reached skill level 5 in Axes
  3109 | D:4      | Found a snail-covered altar of Cheibriados.
  3209 | D:4      | Reached XP level 6. HP: 14/47 MP: 7/7
  3404 | D:4      | Reached skill level 6 in Axes
  4058 | D:4      | Found a staircase to the Ecumenical Temple.
  4066 | D:4      | Noticed an ogre
  4080 | D:4      | Killed an ogre
  4080 | D:4      | Reached skill level 7 in Axes
  4080 | D:4      | Reached XP level 7. HP: 52/52 MP: 8/8
  4113 | Temple   | Entered the Ecumenical Temple
  4686 | D:4      | Found a sparkling altar of Nemelex Xobeh.
  4924 | D:4      | Found a runed door.
  5054 | D:5      | Entered Level 5 of the Dungeon
  5054 | D:5      | Noticed Marcoleric's ghost (novice DDFi)
  5173 | D:5      | Found Koahuir's Jewellery Boutique.
  5451 | D:5      | Reached skill level 8 in Axes
  5717 | D:5      | Bought the ring "Ziycenk" {*Tele rPois Dex-3 SInv Stlth+} for 232 gold pieces
  5826 | D:5      | Found a runed gate.
  5826 | D:5      | Found a runed gate.
  5827 | D:5      | Found a runed gate.
  6225 | D:5      | Found an iron altar of Okawaru.
  6325 | D:6      | Reached XP level 8. HP: 48/60 MP: 9/9
  6453 | D:4      | Noticed Crazy Yiuf
  6461 | D:4      | Killed Crazy Yiuf
  6469 | D:4      | Got an ancient mace
  6505 | D:4      | Identified the cursed +3 mace of Honour {vamp, *Rage rPois rF++ Dex-3} (You found it on level 4 of the Dungeon)
  6874 | D:6      | Mangled by an orc warrior

Skill      XL: |  1  2  3  4  5  6  7  8 |
---------------+-------------------------+-----
Axes           | 3 4 5 7 8 |  8.7
Fighting       | 4 |  4.2
Armour         | |  2.1
Dodging        | |  0.8
Invocations    | |  2.1

Action                   |  1- 3 |  4- 6 |  7- 9 || total
-------------------------+-------+-------+-------++-------
Melee: Hand axe          |    67 |    98 |   110 ||   275
       Short sword       |     6 |    33 |       ||    39
       Mace              |       |       |    28 ||    28
Throw: Tomahawk          |       |    21 |    15 ||    36
       Stone             |       |       |     1 ||     1
Evoke: Wand              |       |     5 |     4 ||     9
  Use: Potion            |       |     1 |       ||     1
       Scroll            |       |     6 |     2 ||     8
 Stab: Sleeping          |     2 |     2 |       ||     4
  Eat: Chunk             |     2 |     8 |    29 ||    39
Armor: Leather armour    |    25 |    16 |       ||    41
       Chain mail        |       |    31 |       ||    31
       Plate armour      |       |       |    80 ||    80
Dodge: Dodged            |    51 |    48 |    34 ||   133
